2895 views
Uploaded 2020-09-25 11:39:03
Game version 1.32.8
12:48 long 1on1 custom game on (2)ConcealedHill
Game name "Badylo1"
Saved by BaDitO2
2895 views
Uploaded 2020-09-25 11:39:03
Game version 1.32.8
12:48 long 1on1 custom game on (2)ConcealedHill
Game name "Badylo1"

42 units @ 5k
/ 0.1k
15 buildings @ 1.7k
/ 0.6k


| Boots of Speed | 1 | 250 |
| Staff of Teleportation | 1 | 150 |
| total: | 2 | 400g |
| Peasant | 16 | 1200 | / | 0 |
| Footman | 20 | 2700 | / | 0 |
| Priest | 2 | 270 | / | 20 |
| Rifleman | 4 | 820 | / | 120 |
| total: | 42 | 4990g | / | 140w |
| Scout Tower | 1 | 30 | / | 20 |
| Arcane Tower | 1 | 70 | / | 50 |
| Altar of Kings | 1 | 180 | / | 50 |
| Farm | 6 | 480 | / | 120 |
| Barracks | 2 | 320 | / | 120 |
| Arcane Vault | 3 | 390 | / | 90 |
| Blacksmith | 1 | 140 | / | 60 |
| Arcane Sanctum | 1 | 150 | / | 140 |
| Keep | 1 | 320 | / | 210 |
| total: | 15 | 1690g | / | 600w |
| 0:03 | Peasant |
| 0:03 | Peasant |
| 0:07 | Altar of Kings |
| 0:21 | Farm |
| 0:24 | Barracks |
| 0:26 | Peasant |
| 0:30 | Barracks |
| 0:35 | Peasant |
| 0:43 | Peasant |
| 0:52 | Farm |
| 1:05 | Peasant |
| 1:05 | Peasant |
| 1:13 | Peasant |
| 1:32 | Scout Tower |
| 1:35 | Footman |
| 1:37 | Peasant |
| 1:48 | Farm |
| 1:52 | Peasant |
| 2:01 | Footman |
| 2:09 | Summon Water Elemental |
| 2:29 | Footman |
| 2:34 | Arcane Tower |
| 2:51 | Footman |
| 3:34 | Brilliance Aura |
| 3:52 | Footman |
| 3:55 | Farm |
| 3:59 | Arcane Vault |
| 4:03 | Farm |
| 4:11 | Footman |
| 4:21 | Defend |
| 4:26 | Summon Water Elemental |
| 4:34 | Footman |
| 4:38 | Footman |
| 4:38 | Footman |
| 4:44 | Boots of Speed |
| 4:45 | Staff of Teleportation |
| 4:56 | Farm |
| 5:18 | Footman |
| 5:28 | Footman |
| 5:41 | Backpack |
| 5:45 | Keep |
| 6:04 | Blacksmith |
| 7:10 | Footman |
| 7:10 | Footman |
| 7:45 | Footman |
| 8:12 | Footman |
| 8:33 | Footman |
| 8:34 | Footman |
| 8:34 | Peasant |
| 8:34 | Peasant |
| 8:35 | Peasant |
| 8:35 | Peasant |
| 8:56 | Arcane Sanctum |
| 9:27 | Peasant |
| 9:27 | Peasant |
| 10:03 | Brilliance Aura |
| 10:13 | Thunder Clap |
| 10:57 | Footman |
| 11:00 | Priest |
| 11:01 | Priest |
| 11:03 | Arcane Vault |
| 11:07 | Footman |
| 11:19 | Footman |
| 11:21 | Rifleman |
| 11:35 | Rifleman |
| 11:46 | Arcane Vault |
| 11:51 | Rifleman |
| 12:14 | Rifleman |
| Right click | 908 |
| Select group | 316 |
| Select | 203 |
| Build/train/purchase | 125 |
| Assign group | 46 |
| Misc. action | 24 |
| Esc | 8 |
| Chat | 4 |
| Use ability | 1 |
| Item give/drop | 1 |
18 units @ 2.6k
/ 0k
28 buildings @ 4.6k
/ 1.5k

| Healing Salve | 1 | 100 |
| total: | 1 | 100g |
| Peon | 8 | 600 | / | 0 |
| Grunt | 10 | 2000 | / | 0 |
| total: | 18 | 2600g | / | 0w |
| Watch Tower | 2 | 220 | / | 160 |
| Altar of Storms | 1 | 180 | / | 50 |
| Orc Burrow | 17 | 2720 | / | 680 |
| Barracks | 1 | 180 | / | 50 |
| Voodoo Lounge | 3 | 390 | / | 90 |
| War Mill | 1 | 205 | / | 0 |
| Great Hall | 1 | 385 | / | 185 |
| Spirit Lodge | 2 | 300 | / | 300 |
| Stronghold | 1 | 315 | / | 190 |
| total: | 28 | 4580g | / | 1515w |
| 0:03 | Peon |
| 0:07 | Altar of Storms |
| 0:08 | Orc Burrow |
| 0:16 | Peon |
| 0:35 | Barracks |
| 0:38 | Peon |
| 0:54 | Peon |
| 1:11 | Peon |
| 1:27 | Voodoo Lounge |
| 1:28 | Voodoo Lounge |
| 1:36 | Grunt |
| 1:38 | Peon |
| 1:57 | Orc Burrow |
| 2:03 | Feral Spirit |
| 2:50 | Grunt |
| 3:06 | Stronghold |
| 3:09 | War Mill |
| 3:29 | Grunt |
| 3:55 | Orc Burrow |
| 4:01 | Grunt |
| 4:45 | Steel Armor |
| 5:10 | Healing Salve |
| 5:15 | Grunt |
| 5:23 | Chain Lighting |
| 5:32 | Great Hall |
| 5:46 | Chain Lighting |
| 5:54 | Orc Burrow |
| 6:01 | Orc Burrow |
| 7:00 | Grunt |
| 7:02 | Spirit Lodge |
| 7:04 | Peon |
| 7:17 | Watch Tower |
| 8:04 | Orc Burrow |
| 8:22 | Orc Burrow |
| 8:24 | Orc Burrow |
| 8:37 | Watch Tower |
| 8:38 | Orc Burrow |
| 9:00 | Orc Burrow |
| 9:04 | Orc Burrow |
| 9:06 | Feral Spirit |
| 9:18 | Voodoo Lounge |
| 9:36 | Peon |
| 10:00 | Orc Burrow |
| 10:10 | Grunt |
| 10:36 | Grunt |
| 10:38 | Spirit Lodge |
| 11:09 | Orc Burrow |
| 11:10 | Orc Burrow |
| 11:15 | Grunt |
| 11:26 | Orc Burrow |
| 11:39 | Chain Lighting |
| 11:43 | Grunt |
| 12:11 | Orc Burrow |
| 12:12 | Orc Burrow |
| Right click | 829 |
| Select | 417 |
| Select group | 337 |
| Misc. action | 156 |
| Build/train/purchase | 62 |
| Assign group | 44 |
| Use ability | 35 |
| Esc | 7 |
| Chat | 4 |